 Dungeon Crawl Stone Soup version 0.28-a0-1142-gc8569940dd (webtiles) character file.

Game seed: 2381143337616469822

135 ChaosChampion the Insei (level 5, -4/33 HPs)
             Began as an Octopode Transmuter on Dec 13, 2021.
             Splashed by a jelly's acid (6 damage)
             ... on level 3 of the Dungeon.
             The game lasted 00:04:26 (3439 turns).

ChaosChampion the Insei (Octopode Transmuter)       Turns: 3439, Time: 00:04:27

Health: -4/33      AC: -2    Str:  9    XL:     5   Next: 18%
Magic:  4/8        EV: 19    Int: 18    God:
Gold:   122        SH:  0    Dex: 17    Spells: 2/8 levels left

rFire   . . .      SeeInvis .     - Unarmed
rCold   . . .      Faith    .   (shield currently unavailable)
rNeg    . . .      Spirit   .   (helmet currently unavailable)
rPois   x          Reflect  .   (no amulet)
rElec   .          Harm     .   (no ring)
rCorr   .          Rampage  .   (no ring)
Will    .....                   (no ring)
Stlth   ++........              (no ring)
HPRegen 0.11/turn               (no ring)
MPRegen 0.11/turn               (no ring)
                                (no ring)
                                (no ring)

@: spider-form, wereblooded, corroded
A: venomous fangs, almost no armour, (amphibious), 8 rings, tiny, (camouflage
1), (gelatinous body 1), (nimble swimmer 1), (tentacles)
a: End Transformation


You were on level 3 of the Dungeon.
You were a venomous arachnid creature.
You visited 1 branch of the dungeon, and saw 4 of its levels.

You collected 122 gold pieces.

Inventory:

Missiles
 f - 13 poisoned darts (quivered)
Jewellery
 h - a +4 ring of evasion
Scrolls
 a - a scroll of summoning {unknown}
 b - a scroll of brand weapon {unknown}
 c - a scroll of fear {unknown}
 e - 3 scrolls of identify {unknown}
Potions
 d - a potion of resistance {unknown}
 g - a potion of attraction {unknown}
 i - a potion of might {unknown}


   Skills:
 - Level 1.0 Fighting
 - Level 2.0 Dodging
 + Level 4.3 Unarmed Combat
 - Level 2.0 Spellcasting
 + Level 3.1 Transmutations
 * Level 2.8 Poison Magic


You had 2 spell levels left.
You knew the following spells:

 Your Spells              Type           Power      Damage    Failure   Level
a - Beastly Appendage     Tmut           26%        N/A       14%         1
b - Wereblood             Tmut           13%        N/A       21%         2
c - Spider Form           Tmut/Pois      12%        N/A       34%         3

Your spell library contained the following spells:

 Spells                   Type           Power      Damage    Failure   Level
 Poisonous Vapours        Pois/Air       12%        N/A       34%         2
 Corpse Rot               Necr/Air       2%         N/A       47%         2
 Ensorcelled Hibernation  Hex/Ice        2%         N/A       47%         2
 Ozocubu's Armour         Ice            1%         N/A       69%         3
 Ice Form                 Ice/Tmut       7%         N/A       85%         4
 Metabolic Englaciation   Hex/Ice        0%         N/A       100%        5
 Simulacrum               Ice/Necr       0%         N/A       100%        6


Dungeon Overview and Level Annotations

Branches:
Dungeon (4/15)
 Temple: D:4-7

Altars:


Innate Abilities, Weirdness & Mutations

You are a venomous arachnid creature.
You have poisonous fangs.
You are tiny and dextrous.
Your spellcasting is less reliable in this form.
Your armour is entirely melded.
You are incapable of wielding weapons or throwing items.
You cannot wear most types of armour.
((You are amphibious.))
You can wear up to eight rings at the same time.
((Your skin changes colour to match your surroundings (Stealth+).))
((Your rubbery body absorbs attacks. (AC +1, EV +1)))
((You are camouflaged near water. (Stealth+)))
((You have tentacles for arms and can constrict up to eight enemies at once.))


Message History

Casting: Wereblood (safe; 8% risk of failure)
Confirm with . or Enter, or press ? or * to list all spells.
The spell is quite dangerous to miscast (16% risk of failure)!
Continue anyway? [Y]es or [N]o only, please.
The spell is quite dangerous to miscast (16% risk of failure)!
Continue anyway?
You turn into a venomous arachnid creature.
Casting: Spider Form (quite dangerous; 34% risk of failure)
Confirm with . or Enter, or press ? or * to list all spells.
Your blood is infused with primal strength.
You climb downwards.
The jelly hits you.
You are splashed with acid!
An ogre comes into view. It is wielding a +0 giant spiked club.
The endoplasm freezes you.
You are frozen.
There is a stone staircase leading up here.
The gnoll closely misses you. The jelly misses you. The endoplasm freezes you.
You are frozen.
You climb upwards.
There is a stone staircase leading down here.
You hit the jelly but do no damage.
Your front legs burn!
* * * LOW HITPOINT WARNING * * *
The jelly closely misses you. The endoplasm closely misses you.
You hit the endoplasm but do no damage. The jelly closely misses you.
The endoplasm hits you.
* * * LOW HITPOINT WARNING * * *
You hit the endoplasm.
The endoplasm is heavily wounded.
The jelly hits you but does no damage. The endoplasm freezes you.
You are frozen.
* * * LOW HITPOINT WARNING * * *
You hit the endoplasm.
The endoplasm is severely wounded.
The jelly barely misses you. The endoplasm barely misses you.
You hit the endoplasm.
You feel a bit better.
You kill the endoplasm!
The jelly hits you.
* * * LOW HITPOINT WARNING * * *
The acid corrodes you!
You are splashed with acid.
You die...

.......##.## #.............# #.
######.##.######.........#######.
###.........# #.....<...........
.......##.#.# #.#######.#######.
#......##.#.# #.# #.# #.
#.###..##.#.# #.# #.# #. ..#
#...#.#.# #.# #.# #.
#.###...#.#.####.# #.# #.
#..............Js# #.#######.
###.##.####.###### #......... #
#.##.# #.# ########## ###.##.#
#.# ...<...# #.# ###.#######.#
#.........# ###########


You could see a jelly.

Vanquished Creatures
  An orc priest (D:3)
  4 adders
  A dart slug (D:3)
  8 orcs (D:3)
  8 ball pythons
  3 endoplasms
  4 giant cockroaches (D:1)
  4 goblins (D:1)
  2 hobgoblins (D:1)
  3 jackals
  4 quokkas
  3 bats
  5 frilled lizards
  6 kobolds
  3 rats (D:1)
59 creatures vanquished.

Notes
Turn   | Place    | Note
-------+----------+-------------------------------------------
     0 | D:1      | ChaosChampion the Octopode Transmuter began the quest for
                  | the Orb.
     0 | D:1      | Reached XP level 1. HP: 13/13 MP: 3/3
   287 | D:1      | Reached XP level 2. HP: 18/18 MP: 3/5
   973 | D:1      | Reached XP level 3. HP: 19/23 MP: 4/6
  1073 | D:1      | Learned a level 2 spell: Wereblood
  1192 | D:2      | Learned a level 3 spell: Spider Form
  1441 | D:2      | Reached skill level 4 in Unarmed Combat
  1541 | D:2      | Reached skill level 1 in Poison Magic
  2052 | D:2      | Reached XP level 4. HP: 27/28 MP: 7/7
  2922 | D:3      | Reached XP level 5. HP: 33/33 MP: 4/8
  3432 | D:4      | Noticed an ogre
  3439 | D:3      | Splashed by a jelly's acid

Illustrated notes

Levels and vault maps discovered:
D:1:      giann_wishing_wells, layout_basic
D:2:      layout_loops_ring, minmay_3d_cube
D:3:      layout_loops_ring
D:4:      layout_rooms, gammafunk_ghost_cemetery, st_stairs_6,
          grunt_ministairs_12, chequers_mini_garden, uniq_natasha

Skill      XL: |  1  2  3  4 |
---------------+-------------+-----
Unarmed Combat | 4 |  4.3
Poison Magic   | 1 2 |  2.8
Transmutations | 3 |  3.1
Fighting       | |  1.0
Dodging        | |  2.0
Spellcasting   | |  2.0

Action                   |  1- 3 |  4- 6 || total
-------------------------+-------+-------++-------
Melee: Unarmed           |    75 |    44 ||   119
       Constrict         |    15 |     7 ||    22
       Tentacles         |     7 |     3 ||    10
       Kick              |    11 |     1 ||    12
       Punch             |       |     1 ||     1
Throw: Dart              |     5 |     6 ||    11
 Cast: Beastly Appendage |    18 |     1 ||    19
       Wereblood         |     6 |     9 ||    15
       Spider Form       |     3 |    11 ||    14
 Stab: Sleeping          |     7 |       ||     7
Armor: Skin              |    11 |     1 ||    12
Dodge: Dodged            |    45 |    30 ||    75

Table legend: (Time is in decaauts)
 A = Elapsed time spent in this place.
 B = Non-inter-level travel time spent in this place.
 C = Inter-level travel time spent in this place.
 D = Time resting spent in this place.
 E = Time spent auto-exploring this place.
 F = Levels seen in this place.
 G = Mean time per level.
                   A        B        C        D        E       F      G
               +--------+--------+--------+--------+--------+-----+--------+
         Total |   3431 |   3366 |     65 |    371 |   2498 |   4 |  857.8 |
       Dungeon |   3431 |   3366 |     65 |    371 |   2498 |   4 |  857.8 |
               +--------+--------+--------+--------+--------+-----+--------+

Top non-repeatable levels by time:
     D:3: 1255 daAuts
     D:1: 1105 daAuts
     D:2: 1067 daAuts
     D:4: 4 daAuts
